TOP OF THE 1ST |
Indianapolis Racers batting - Pitching for Milton Dogfish Head : RHP Jason MacGruder
|
Pitching: RHP Jason MacGruder
|
|
Batting: LHB Frank Brinton
|
0-0: Ball 1-0: Ball 2-0: Ball 3-0: Base on Balls
|
Batting: LHB Roberto Vázquez
|
0-0: Called Strike Frank Brinton steals 2nd base 0-1: Ball Frank Brinton steals 3rd base 1-1: SINGLE (Groundball, 6MD, EV 95.6 MPH) Frank Brinton scores
|
Batting: LHB Derek Healey
|
0-0: 2-RUN HOME RUN (Flyball, 9LD, EV 96.9 MPH), Distance : 360 ft
|
Batting: RHB Katsuhiko Ishihara
|
0-0: Called Strike 0-1: Ball 1-1: Swinging Strike 1-2: Foul Ball, location: 2F 1-2: Ball 2-2: Foul Ball, location: 2F 2-2: Ball 3-2: Strikes out swinging
|
Batting: LHB Luis Aranda
|
0-0: Swinging Strike 0-1: Ball 1-1: Ground out 4-3 (Groundball, 4, EV 88.1 MPH)
|
Batting: RHB Carlos Martínez
|
0-0: Ball 1-0: Ball 2-0: Ball 3-0: Called Strike 3-1: Ground out 4-3 (Groundball, 4, EV 81.2 MPH)
|
Top of the 1st over - 3 runs, 2 hits, 0 errors, 0 left on base; Indianapolis 3 - Milton 0 |
BOTTOM OF THE 1ST |
Milton Dogfish Head batting - Pitching for Indianapolis Racers : RHP Tim Walker
|
Pitching: RHP Tim Walker
|
|
Batting: RHB Kieran Hansen
|
0-0: Ball 1-0: Fly out, F7 (Line Drive, 7, EV 96.2 MPH)
|
Batting: LHB John Hansen
|
0-0: Fly out, F8 (Flyball, 8LD, EV 97.5 MPH)
|
Batting: LHB Johnny Carter
|
0-0: Ball 1-0: Foul Ball, location: 2F 1-1: SINGLE (Groundball, 34D, EV 100.0 MPH)
|
Batting: RHB Juan Martínez
|
0-0: Ball 1-0: Ball 2-0: Ball 3-0: Called Strike 3-1: Ground out 4-3 (Groundball, 4, EV 82.5 MPH)
|
Bottom of the 1st over - 0 runs, 1 hit, 0 errors, 1 left on base; Indianapolis 3 - Milton 0 |
TOP OF THE 2ND |
Indianapolis Racers batting - Pitching for Milton Dogfish Head : RHP Jason MacGruder
|
Batting: RHB Roberto Vázquez
|
0-0: Ball 1-0: Fly out, F7 (Line Drive, 7, EV 93.8 MPH)
|
Batting: RHB Júlio Hernández
|
0-0: Reached on error, E3 (Popup, 3S, EV 81.9 MPH)
|
Batting: RHB José Leyva
|
0-0: Called Strike 0-1: Ball 1-1: Called Strike 1-2: Ball 2-2: Ball 3-2: Strikes out swinging Júlio Hernández steals 2nd base Batter strikes out.
|
Batting: LHB Frank Brinton
|
0-0: Called Strike 0-1: Called Strike 0-2: Strikes out swinging
|
Top of the 2nd over - 0 runs, 0 hits, 1 error, 1 left on base; Indianapolis 3 - Milton 0 |
BOTTOM OF THE 2ND |
Milton Dogfish Head batting - Pitching for Indianapolis Racers : RHP Tim Walker
|
Batting: LHB Seika Hagiwara
|
0-0: Fly out, F5 (Popup, 5SF, EV 86.2 MPH)
|
Batting: RHB Carlos González
|
0-0: Called Strike 0-1: Swinging Strike 0-2: Foul Ball, location: 2F 0-2: Ball 1-2: Hit by Pitch
|
Batting: RHB Ed Lastinger
|
0-0: SINGLE (Flyball, 9LS, EV 92.5 MPH) Carlos González to second Runner from 2nd tries for 3rd, SAFE, no throw by RF
|
Batting: RHB Harley Whitfield
|
0-0: Ball 1-0: Called Strike 1-1: Ball 2-1: Foul Ball, location: 2F 2-2: Fielders Choice at 2nd, 4-6 (Groundball, 34, EV 85.6 MPH) Carlos González scores
|
Batting: RHB Troy Flynn
|
0-0: DOUBLE (Line Drive, 7LM, EV 112.5 MPH) Harley Whitfield to third Runner from 3rd tries for Home, SAFE, no throw by LF
|
Batting: RHB Kieran Hansen
|
0-0: Ball 1-0: Ball 2-0: Called Strike 2-1: Ground out 5-3 (Groundball, 5L, EV 84.4 MPH)
|
Bottom of the 2nd over - 2 runs, 2 hits, 0 errors, 1 left on base; Indianapolis 3 - Milton 2 |
TOP OF THE 3RD |
Indianapolis Racers batting - Pitching for Milton Dogfish Head : RHP Jason MacGruder
|
Batting: LHB Roberto Vázquez
|
0-0: Ball 1-0: Called Strike 1-1: Ball 2-1: Ground out 4-3 (Groundball, 4, EV 91.9 MPH)
|
Batting: LHB Derek Healey
|
0-0: Ball 1-0: Ball 2-0: Called Strike 2-1: Foul Ball, location: 2F 2-2: Foul Ball, location: 2F 2-2: Ball 3-2: Foul Ball, location: 2F 3-2: Foul Ball, location: 2F 3-2: Foul Ball, location: 2F 3-2: Foul Ball, location: 2F 3-2: Base on Balls
|
Batting: RHB Katsuhiko Ishihara
|
0-0: Ball 1-0: Called Strike 1-1: Ball 2-1: Ball Wild Pitch! Derek Healey to second 3-1: Foul Ball, location: 2F 3-2: Base on Balls
|
Batting: LHB Luis Aranda
|
0-0: Ball 1-0: Foul Ball, location: 2F 1-1: Ball 2-1: Ball 3-1: Swinging Strike 3-2: Foul Ball, location: 2F 3-2: Fly out, F8 (Line Drive, 8LM, EV 105.6 MPH)
|
Batting: RHB Carlos Martínez
|
0-0: Ball 1-0: Foul Ball, location: 2F 1-1: SINGLE (Line Drive, 34D, EV 98.1 MPH) Derek Healey to third Katsuhiko Ishihara to second Runner from 3rd tries for Home, SAFE, throw by RF to home
|
Batting: RHB Roberto Vázquez
|
0-0: Ball 1-0: Called Strike 1-1: Ball 2-1: Foul Ball, location: 2F 2-2: SINGLE (Groundball, 6, EV 97.5 MPH) (infield hit) Katsuhiko Ishihara to third Carlos Martínez to second
|
Batting: RHB Júlio Hernández
|
0-0: Ball 1-0: Ball 2-0: Ball 3-0: Called Strike 3-1: Called Strike 3-2: Base on Balls Katsuhiko Ishihara scores Carlos Martínez to third Roberto Vázquez to second
|
Pitching: LHP Awad Mahmudnizhad
|
|
Batting: RHB José Leyva
|
0-0: Hit by Pitch Carlos Martínez scores Roberto Vázquez to third Júlio Hernández to second
|
Batting: LHB Frank Brinton
|
0-0: Called Strike 0-1: Ball 1-1: Ball 2-1: Foul Ball, location: 2F 2-2: Ground out 3-1 (Groundball, 34, EV 101.9 MPH)
|
Top of the 3rd over - 3 runs, 2 hits, 0 errors, 3 left on base; Indianapolis 6 - Milton 2 |
BOTTOM OF THE 3RD |
Milton Dogfish Head batting - Pitching for Indianapolis Racers : RHP Tim Walker
|
Batting: LHB John Hansen
|
0-0: Foul Ball, location: 2F 0-1: Ball 1-1: Called Strike 1-2: Ball 2-2: Fly out, F7 (Flyball, 7D, EV 90.6 MPH)
|
Batting: LHB Johnny Carter
|
0-0: Called Strike 0-1: Fly out, F7 (Flyball, 78D, EV 103.1 MPH)
|
Batting: RHB Juan Martínez
|
0-0: Ball 1-0: Foul Ball, location: 2F 1-1: Foul Ball, location: 2F 1-2: Foul Ball, location: 2F 1-2: Foul Ball, location: 2F 1-2: Ball 2-2: Foul Ball, location: 2F 2-2: Fly out, F8 (Flyball, 8LD, EV 88.1 MPH)
|
Bottom of the 3rd over - 0 runs, 0 hits, 0 errors, 0 left on base; Indianapolis 6 - Milton 2 |
TOP OF THE 4TH |
Indianapolis Racers batting - Pitching for Milton Dogfish Head : LHP Awad Mahmudnizhad
|
Batting: LHB Roberto Vázquez
|
0-0: Foul Ball, location: 2F 0-1: Called Strike 0-2: Ball 1-2: Strikes out swinging
|
Batting: LHB Derek Healey
|
0-0: Called Strike 0-1: Foul Ball, location: 2F 0-2: Strikes out looking
|
Batting: RHB Katsuhiko Ishihara
|
0-0: Ball 1-0: Foul Ball, location: 2F 1-1: Ball 2-1: Swinging Strike 2-2: Foul Ball, location: 2F 2-2: SINGLE (Line Drive, 4D, EV 101.9 MPH)
|
Batting: LHB Luis Aranda
|
0-0: Called Strike 0-1: Called Strike 0-2: Strikes out swinging
|
Top of the 4th over - 0 runs, 1 hit, 0 errors, 1 left on base; Indianapolis 6 - Milton 2 |
BOTTOM OF THE 4TH |
Milton Dogfish Head batting - Pitching for Indianapolis Racers : RHP Tim Walker
|
Batting: LHB Seika Hagiwara
|
0-0: Called Strike 0-1: Fly out, F9 (Line Drive, 9, EV 91.9 MPH)
|
Batting: RHB Carlos González
|
0-0: Swinging Strike 0-1: Ball 1-1: Foul Ball, location: 2F 1-2: Foul Ball, location: 2F 1-2: Fly out, F8 (Flyball, 8RM, EV 93.8 MPH)
|
Batting: RHB Ed Lastinger
|
0-0: Called Strike 0-1: Swinging Strike 0-2: Strikes out swinging
|
Bottom of the 4th over - 0 runs, 0 hits, 0 errors, 0 left on base; Indianapolis 6 - Milton 2 |
TOP OF THE 5TH |
Indianapolis Racers batting - Pitching for Milton Dogfish Head : LHP Awad Mahmudnizhad
|
Batting: RHB Carlos Martínez
|
0-0: Ball 1-0: Foul Ball, location: 2F 1-1: Ground out 4-3 (Groundball, 4, EV 81.9 MPH)
|
Batting: RHB Roberto Vázquez
|
0-0: Called Strike 0-1: Swinging Strike 0-2: Foul Ball, location: 2F 0-2: Ball 1-2: Foul Ball, location: 2F 1-2: Ground out 6-3 (Groundball, 6, EV 103.1 MPH)
|
Batting: RHB Júlio Hernández
|
0-0: Called Strike 0-1: Ball 1-1: Fly out, F7 (Flyball, 7LSF, EV 77.5 MPH)
|
Top of the 5th over - 0 runs, 0 hits, 0 errors, 0 left on base; Indianapolis 6 - Milton 2 |
BOTTOM OF THE 5TH |
Milton Dogfish Head batting - Pitching for Indianapolis Racers : RHP Tim Walker
|
Batting: RHB Harley Whitfield
|
0-0: Foul Ball, location: 2F 0-1: Ball 1-1: Called Strike 1-2: Foul Ball, location: 2F 1-2: SINGLE (Line Drive, 34D, EV 95.0 MPH)
|
Batting: RHB Troy Flynn
|
0-0: Called Strike 0-1: Foul Ball, location: 2F 0-2: Strikes out swinging
|
Batting: RHB Kieran Hansen
|
0-0: Ball 1-0: SINGLE (Line Drive, 9S, EV 103.8 MPH) Harley Whitfield to second
|
Batting: LHB John Hansen
|
0-0: Swinging Strike 0-1: Ball 1-1: SINGLE (Flyball, 9S, EV 83.1 MPH) Harley Whitfield to third Kieran Hansen to second Runner from 3rd tries for Home, SAFE, no throw by RF
|
Batting: LHB Johnny Carter
|
0-0: Ball 1-0: Ball 2-0: Ball 3-0: Called Strike 3-1: Foul Ball, location: 2F 3-2: Fly out, F7 (Flyball, 78M, EV 87.5 MPH)
|
Batting: RHB Juan Martínez
|
0-0: Ball 1-0: Ball 2-0: Called Strike 2-1: Ball 3-1: Ground out U3 (Groundball, 3, EV 84.4 MPH)
|
Bottom of the 5th over - 1 run, 3 hits, 0 errors, 2 left on base; Indianapolis 6 - Milton 3 |
TOP OF THE 6TH |
Indianapolis Racers batting - Pitching for Milton Dogfish Head : LHP Awad Mahmudnizhad
|
Batting: RHB José Leyva
|
0-0: Called Strike 0-1: Ball 1-1: Ball 2-1: Ball 3-1: Base on Balls
|
Batting: LHB Frank Brinton
|
0-0: Ball 1-0: Bunted foul 1-1: Bunted foul 1-2: SINGLE (Groundball, 4, EV 98.1 MPH) (infield hit) José Leyva to second
|
Batting: LHB Roberto Vázquez
|
0-0: SINGLE (Groundball, 34D, EV 98.8 MPH) José Leyva to third Frank Brinton to second
|
Batting: LHB Derek Healey
|
0-0: Ball 1-0: Hit by Pitch José Leyva scores Frank Brinton to third Roberto Vázquez to second
|
Batting: RHB Katsuhiko Ishihara
|
0-0: Ball 1-0: Ball 2-0: Foul Ball, location: 2F 2-1: Ball 3-1: Foul Ball, location: 2F 3-2: Base on Balls Frank Brinton scores Roberto Vázquez to third Derek Healey to second
|
Pitching: RHP José Marín
|
|
Batting: LHB Luis Aranda
|
0-0: Ball 1-0: Ball 2-0: Called Strike 2-1: Swinging Strike 2-2: Fly out, F7 (Flyball, 78D, EV 98.8 MPH) Runner from 3rd tags up, SCORES, no throw by LF
|
Batting: RHB Carlos Martínez
|
0-0: Ball 1-0: Called Strike 1-1: Called Strike 1-2: Ball 2-2: Strikes out swinging
|
Batting: RHB Roberto Vázquez
|
0-0: Ball 1-0: Ball 2-0: Ball 3-0: Called Strike 3-1: Base on Balls Derek Healey to third Katsuhiko Ishihara to second
|
Batting: RHB Júlio Hernández
|
0-0: Swinging Strike 0-1: Fly out, F5 (Line Drive, 5, EV 67.5 MPH)
|
Top of the 6th over - 3 runs, 2 hits, 0 errors, 3 left on base; Indianapolis 9 - Milton 3 |
BOTTOM OF THE 6TH |
Milton Dogfish Head batting - Pitching for Indianapolis Racers : RHP Tim Walker
|
Batting: LHB Seika Hagiwara
|
0-0: Called Strike 0-1: Ball 1-1: Called Strike 1-2: Foul Ball, location: 2F 1-2: Ball 2-2: Ball 3-2: SINGLE (Line Drive, 78M, EV 91.2 MPH)
|
Batting: RHB Carlos González
|
0-0: Fly out, F8 (Line Drive, 8RM, EV 92.5 MPH)
|
Batting: RHB Ed Lastinger
|
0-0: Called Strike 0-1: Ball 1-1: Ball 2-1: Foul Ball, location: 2F 2-2: Strikes out swinging
|
Batting: RHB Harley Whitfield
|
0-0: Ground out U3 (Groundball, 3, EV 86.2 MPH)
|
Bottom of the 6th over - 0 runs, 1 hit, 0 errors, 1 left on base; Indianapolis 9 - Milton 3 |
TOP OF THE 7TH |
Indianapolis Racers batting - Pitching for Milton Dogfish Head : RHP José Marín
|
Batting: RHB José Leyva
|
0-0: Ball 1-0: Ball 2-0: Called Strike 2-1: Ball 3-1: Ground out 5-3 (Groundball, 56, EV 87.5 MPH)
|
Batting: LHB Frank Brinton
|
0-0: Called Strike 0-1: Ball 1-1: Foul Ball, location: 2F 1-2: Foul Ball, location: 2F 1-2: SINGLE (Line Drive, 7LS, EV 101.9 MPH)
|
Batting: LHB Roberto Vázquez
|
0-0: Called Strike 0-1: Fly out, F7 (Flyball, 7LS, EV 88.1 MPH)
|
Batting: LHB Derek Healey
|
0-0: Ball 1-0: Called Strike 1-1: Ball 2-1: Foul Ball, location: 2F 2-2: Ball 3-2: Foul Ball, location: 2F 3-2: Base on Balls Frank Brinton to second
|
Batting: RHB Katsuhiko Ishihara
|
0-0: Foul Ball, location: 2F 0-1: Ground out 4-3 (Groundball, 4M, EV 91.2 MPH)
|
Top of the 7th over - 0 runs, 1 hit, 0 errors, 2 left on base; Indianapolis 9 - Milton 3 |
BOTTOM OF THE 7TH |
Milton Dogfish Head batting - Pitching for Indianapolis Racers : RHP Tim Walker
|
Batting: RHB Troy Flynn
|
0-0: Called Strike 0-1: Foul Ball, location: 2F 0-2: Ball 1-2: Ball 2-2: Foul Ball, location: 2F 2-2: Ball 3-2: Strikes out swinging
|
Pitching: LHP Markus Martin
|
|
Batting: RHB Kieran Hansen
|
0-0: Ball 1-0: Foul Ball, location: 2F 1-1: Called Strike 1-2: Foul Ball, location: 2F 1-2: Fly out, F7 (Flyball, 7, EV 88.8 MPH)
|
Batting: LHB John Hansen
|
0-0: Ball 1-0: Ball 2-0: Ball 3-0: Base on Balls
|
Batting: LHB Johnny Carter
|
0-0: Ball 1-0: Called Strike 1-1: Ball 2-1: Ground out U3 (Groundball, 3, EV 83.8 MPH)
|
Bottom of the 7th over - 0 runs, 0 hits, 0 errors, 1 left on base; Indianapolis 9 - Milton 3 |
TOP OF THE 8TH |
Indianapolis Racers batting - Pitching for Milton Dogfish Head : RHP José Marín
|
Batting: LHB Luis Aranda
|
0-0: Ball 1-0: Ball 2-0: Foul Ball, location: 2F 2-1: Ball 3-1: Called Strike 3-2: Foul Ball, location: 2F 3-2: Base on Balls
|
Batting: RHB Carlos Martínez
|
0-0: Ball 1-0: Ball 2-0: Foul Ball, location: 2F 2-1: Foul Ball, location: 2F 2-2: Ball 3-2: Foul Ball, location: 2F 3-2: Strikes out swinging Luis Aranda steals 2nd base Batter strikes out.
|
Batting: RHB Roberto Vázquez
|
0-0: Foul Ball, location: 2F 0-1: Fly out, F8 (Line Drive, 8RM, EV 87.5 MPH)
|
Batting: RHB Júlio Hernández
|
0-0: Ball 1-0: Ball 2-0: Called Strike 2-1: Swinging Strike 2-2: Ball 3-2: Foul Ball, location: 2F 3-2: Foul Ball, location: 2F 3-2: Ground out 6-3 (Groundball, 6, EV 103.8 MPH)
|
Top of the 8th over - 0 runs, 0 hits, 0 errors, 1 left on base; Indianapolis 9 - Milton 3 |
BOTTOM OF THE 8TH |
Milton Dogfish Head batting - Pitching for Indianapolis Racers : LHP Markus Martin
|
Batting: RHB Juan Martínez
|
0-0: Ball 1-0: Called Strike 1-1: Called Strike 1-2: Ball 2-2: Foul Ball, location: 2F 2-2: Ball 3-2: Foul Ball, location: 2F 3-2: Ground out 2-3 (Groundball, 2L, EV 63.1 MPH)
|
Batting: LHB Seika Hagiwara
|
0-0: Ball 1-0: Foul Ball, location: 2F 1-1: Ground out 4-3 (Groundball, 4D, EV 100.0 MPH)
|
Batting: RHB Carlos González
|
0-0: Foul Ball, location: 2F 0-1: Foul Ball, location: 2F 0-2: Ball 1-2: Strikes out swinging
|
Bottom of the 8th over - 0 runs, 0 hits, 0 errors, 0 left on base; Indianapolis 9 - Milton 3 |
TOP OF THE 9TH |
Indianapolis Racers batting - Pitching for Milton Dogfish Head : RHP José Marín
|
Batting: RHB José Leyva
|
0-0: Fly out, F8 (Flyball, 8RM, EV 76.9 MPH)
|
Batting: LHB Frank Brinton
|
0-0: Ball 1-0: Foul Ball, location: 2F 1-1: Ball 2-1: Ball 3-1: Base on Balls
|
Pitching: RHP Dave Hulton
|
|
Batting: LHB Roberto Vázquez
|
0-0: Foul Ball, location: 2F 0-1: Called Strike 0-2: Ball 1-2: Ball 2-2: Strikes out swinging
|
Batting: LHB Derek Healey
|
0-0: Ball 1-0: Foul Ball, location: 2F 1-1: Called Strike 1-2: Strikes out swinging
|
Top of the 9th over - 0 runs, 0 hits, 0 errors, 1 left on base; Indianapolis 9 - Milton 3 |
BOTTOM OF THE 9TH |
Milton Dogfish Head batting - Pitching for Indianapolis Racers : LHP Markus Martin
|
Batting: RHB Ed Lastinger
|
0-0: Swinging Strike 0-1: Ball 1-1: SINGLE (Line Drive, 34D, EV 96.9 MPH)
|
Batting: RHB Harley Whitfield
|
0-0: Ball 1-0: Foul Ball, location: 2F 1-1: Fly out, F9 (Flyball, 89S, EV 87.5 MPH)
|
Batting: RHB Troy Flynn
|
0-0: Ball 1-0: Fly out, F9 (Flyball, 9S, EV 83.1 MPH)
|
Batting: RHB Kieran Hansen
|
0-0: Called Strike 0-1: Ball 1-1: Foul Ball, location: 2F 1-2: Fly out, F9 (Flyball, 9, EV 86.2 MPH)
|
Bottom of the 9th over - 0 runs, 1 hit, 0 errors, 1 left on base; Indianapolis 9 - Milton 3 |
|